 Dungeon Sprint DCSS version 0.27-a0-1525-g1038ab4fd7 (webtiles) character file.

Game seed: 2472675020077079127

4056 tygod the Imperceptible (level 10, -4/70 HPs)
             Began as a Kobold Monk on July 11, 2021.
             Was the Champion of Dithmenos.
             Killed from afar by a deep elf knight (39 damage)
             ... with a shard of ice
             ... in the Dungeon (Sprint V: "Ziggurat Sprint").
             The game lasted 00:04:22 (410 turns).

tygod the Imperceptible (Kobold Monk)                Turns: 410, Time: 00:04:22

Health: -4/70      AC: 17    Str: 15    XL:     10   Next: 48%
Magic:  11/11      EV: 16    Int: 12    God:    Dithmenos [******]
Gold:   0          SH:  0    Dex: 26    Spells: 10/10 levels left

rFire    . . .     SeeInvis .   i - +5 rapier
rCold    . . .     Faith    .   (shield restricted)
rNeg     . . .     Spirit   .   E - +5 shadow dragon scales
rPois    .         Reflect  .   (no helmet)
rElec    +         Harm     .   (no cloak)
rCorr    .         Rampage  .   (no gloves)
Will     +....     NoTele   +   G - +1 pair of boots {Stlth+} Stlth #*********
                                (no amulet)
HPRegen  0.21/turn              x - ring "Baum" {rElec Will+ Str+6}
MPRegen  0.12/turn              l - +6 ring of dexterity

@: wreathed by umbra
A: small, no large weapons, nightstalker 3
a: Renounce Religion, Shadow Step, Shadow Form


You were in the Dungeon.
You worshipped Dithmenos.
Dithmenos was exalted by your worship.
You visited 1 branch

Inventory:

Hand Weapons
 a - a +0 short sword
 i - a +5 rapier (weapon)
Armour
 E - +5 shadow dragon scales (worn)
 G - a +1 pair of boots of stealth (worn)
Jewellery
 b - the ring of Pira {Fire rElec rN+}
   (You found it in the Dungeon)

   [ring of fire]

   It enhances your fire magic.
   rF:        It protects you from fire.
   rC:        It makes you vulnerable to cold.
   rElec:     It insulates you from electricity.
   rN:        It protects you from negative energy.
 j - a ring of flight
 k - a +6 ring of dexterity
 l - a +6 ring of dexterity (right hand)
 m - a +6 ring of intelligence
 n - a +6 ring of intelligence
 o - a +6 ring of strength
 p - a +6 ring of strength
 x - the ring "Baum" (left hand) {rElec Will+ Str+6}
   (You found it in the Dungeon)

   [ring of strength]

   Str:       It affects your strength (+6).
   rElec:     It insulates you from electricity.
   Will:      It increases your willpower.
Wands
 r - a wand of mindburst (7)
 s - a wand of iceblast (7)
 t - a wand of acid (7)
Scrolls
 h - 4 scrolls of blinking
 y - 4 scrolls of amnesia
 A - 7 scrolls of fog
 B - a scroll of holy word
 C - 5 scrolls of identify
 D - 2 scrolls of fear
Potions
 c - 10 potions of curing
 d - 8 potions of heal wounds
 e - 6 potions of haste
 f - 7 potions of magic
 g - 3 potions of berserk rage
 u - 2 potions of brilliance
 v - 2 potions of invisibility
 w - 3 potions of resistance
 z - 5 potions of might
Miscellaneous
 q - a lightning rod (4/4)
 F - a lightning rod (4/4)
 H - a lightning rod (4/4)
 I - a condenser vane


   Skills:
 + Level 11.2 Fighting
 + Level 14.2 Short Blades
 + Level 0.6(6.0) Long Blades
 + Level 0.6(1.0) Axes
 + Level 0.7(1.1) Maces & Flails
 + Level 0.6(1.0) Polearms
 + Level 0.7(1.1) Staves
 + Level 0.8(1.0) Slings
 + Level 0.8 Bows
 + Level 1.0 Crossbows
 + Level 1.0(1.1) Throwing
 + Level 1.9 Armour
 + Level 11.0 Dodging
 * Level 22.2 Stealth
 + Level 1.0 Shields
 + Level 0.8 Unarmed Combat
 + Level 0.8 Spellcasting
 + Level 1.2 Conjurations
 + Level 0.8 Hexes
 + Level 1.1 Summonings
 + Level 1.3 Necromancy
 + Level 0.8 Translocations
 + Level 0.8 Transmutations
 + Level 0.8 Fire Magic
 + Level 0.8 Ice Magic
 + Level 0.8 Air Magic
 + Level 0.8 Earth Magic
 + Level 0.8 Poison Magic
 + Level 1.0 Invocations
 + Level 1.0 Evocations


You had 10 spell levels left.
You didn't know any spells.
Your spell library contained the following spells:

 Spells                   Type           Power      Damage    Failure   Level
 Alistair's Intoxication  Tmut/Pois      1%         N/A       100%        5
 Borgnjor's Vile Clutch   Necr/Erth      1%         N/A       100%        5
 Eringya's Noxious Bog    Tmut/Pois      1%         N/A       100%        6
 Borgnjor's Revivificati  Necr           1%         N/A       100%        8
 Necromutation            Tmut/Necr      1%         N/A       100%        8
 Chain Lightning          Conj/Air       1%         3d1       100%        9
 Death's Door             Necr           1%         N/A       100%        9
 Fire Storm               Conj/Fire      1%         7d1       100%        9


Dungeon Overview and Level Annotations

Branches:
Dungeon (1/1)

Altars:
Ashenzari
Cheibriados
Dithmenos
Elyvilon
Fedhas
Gozag
Hepliaklqana
Kikubaaqudgha
Makhleb
Nemelex Xobeh
Okawaru
Qazlal
Ru
Sif Muna
Trog
Uskayaw
Vehumet
Wu Jian
Xom
Yredelemnul
Zin
The Shining One
Beogh
Jiyva
Lugonu

Annotations:
D 1 transporter


Innate Abilities, Weirdness & Mutations

You are small and have problems with some larger weapons.
You are completely attuned to the shadows.


Message History

a +0 scimitar of flaming; a lightning rod (4/4); a yellow draconian corpse
There is a transporter, spattered with blood here.
Welcome to arena 8.
You enter the transporter and appear at another place. 2 jellies and a slime creature come into view.
Found three items. 2 endoplasms, a jelly and a slime creature come into view.
Found four items.
Found a transporter.
The helpless endoplasm fails to defend itself.
You perforate the endoplasm like a sieve!!!!!
You kill the endoplasm!
Dithmenos accepts your kill.
You see here the +8 autumn katana {vorpal, Clar}.
There is a transporter here.
Welcome to arena 9.
You enter the transporter and appear at another place.
A dancing weapon, a deep elf knight and a deep elf pyromancer come into view.
The deep elf knight is wielding a +1 long sword of flaming.
There is a +4 short sword of speed.
Found three items.
A dancing weapon, an earth elemental, 2 elves and a water elemental come into view.
There is a +1 vorpal broad axe.
The deep elf pyromancer shouts!
The deep elf knight shouts! x2
The deep elf archer picks up an amulet of the acrobat.
The deep elf archer puts on an amulet of the acrobat.
Found three items.
The +4 short sword of speed hits you but does no damage.
The +1 vorpal broad axe hits you.
The +4 short sword of speed hits you but does no damage.
Found a transporter.
The +1 vorpal broad axe hits you! The +4 short sword of speed hits you!
The deep elf knight gestures wildly while chanting.
The deep elf knight seems to speed up.
Unknown command.
The +4 short sword of speed hits you but does no damage.
The deep elf pyromancer closely misses you.
The deep elf knight gestures at you while chanting.
The shard of ice hits you!!!
Ouch! That really hurt!
You die...

.........▓.......▓
.▓.....▓.▓.▓...▓.▓
....©....▓...©...▓
▓▓▓▓▓▓▓▓▓▓▓▓▓▓▓▓▓▓
..8e8...▓..8©8..▓
..|):|...▓..d)d..▓
...[[Ee..▓..d)d..▓
.....ee..▓.......▓
....E((@.▓.......▓
.........▓.......▓
.........▓.......▓
.▓.....▓.▓.......▓
....©....▓...©...▓
▓▓▓▓▓▓▓▓▓▓▓▓▓▓▓▓▓▓


You could see a deep elf archer (repels missiles), 2 deep elf knights, an earth
elemental, a water elemental, a deep elf pyromancer and 2 dancing weapons.

Vanquished Creatures
  A purple draconian (D)
  A yellow draconian (D)
  A two-headed ogre (D)
  A sun demon (D)
  2 yaktaurs (D)
  A spriggan (D)
  A black bear (D)
  3 ogres (D)
  A centaur (D)
  A crimson imp (D)
  A mummy (D)
  A white imp (D)
  A bat zombie (D)
  An endoplasm (D)
  4 ball pythons (D)
  A ball python zombie (D)
  2 giant cockroach zombies (D)
24 creatures vanquished.

Notes
Turn   | Place    | Note
-------+----------+-------------------------------------------
     0 | D        | tygod the Kobold Monk began the quest for the Orb.
     0 | D        | Reached XP level 1. HP: 14/14 MP: 1/1
     0 | D        | Found a glowing golden altar of the Shining One.
     1 | D        | Found a broken altar of Ashenzari.
     1 | D        | Found a snail-covered altar of Cheibriados.
     1 | D        | Found a shadowy altar of Dithmenos.
     6 | D        | Found a white marble altar of Elyvilon.
     8 | D        | Found a blossoming altar of Fedhas.
     9 | D        | Found an opulent altar of Gozag.
     9 | D        | Found a hazy altar of Hepliaklqana.
     9 | D        | Found a viscous altar of Jiyva.
    14 | D        | Became a worshipper of Dithmenos the Shadowed
    14 | D        | Reached * piety under Dithmenos
    14 | D        | Reached ** piety under Dithmenos
    19 | D        | Found a transporter.
    22 | D        | Found an ancient bone altar of Kikubaaqudgha.
    24 | D        | Found the +6 Majin-Bo {vamp, MP+6 Int+6}
    24 | D        | Found the +9 heavy crossbow "Sniper" {vorpal, Acc+∞ SInv}
    24 | D        | Found the +10 dark maul {vorpal}
    24 | D        | Found the +15 Maxwell's patent armour {-Cast -Tele rElec
                  | Will+ rCorr}
    24 | D        | Found the +18 shield of the Gong {rElec rN+ Will+ EV-5}
    24 | D        | Found the +14 obsidian axe {vorpal, Drain Fly SInv}
    24 | D        | Found a corrupted altar of Lugonu.
    25 | D        | Found the +7 great mace "Firestarter" {inner flame, rF++}
    25 | D        | Found the +6 shillelagh "Devastator" {shatter}
    25 | D        | Found the +11 plutonium sword {Contam Stlth-}
    25 | D        | Found the +8 lance "Wyrmbane" {slay drac, rPois rF+ rC+
                  | AC+3}
    25 | D        | Found the +9 sword of Zonguldrok {reap}
    25 | D        | Found the +13 scythe of Curses {drain, Drain}
    25 | D        | Found the +5 sword of Power {vorpal}
    25 | D        | Found the +7 mace of Variability {chain chaos}
    25 | D        | Found the +7 Singing Sword {vorpal, sonic wave}
    25 | D        | Found the +8 storm bow {elec, penet}
    26 | D        | Found a burning altar of Makhleb.
    27 | D        | Found an iron altar of Okawaru.
    27 | D        | Found a stormy altar of Qazlal.
    27 | D        | Found a sparkling altar of Nemelex Xobeh.
    27 | D        | Found a sacrificial altar of Ru.
    36 | D        | Found a shimmering blue altar of Sif Muna.
    54 | D        | Found a bloodstained altar of Trog.
    55 | D        | Found a radiant altar of Vehumet.
    55 | D        | Found a hide-covered altar of Uskayaw.
    79 | D        | Reached skill level 1 in Crossbows
    79 | D        | Reached skill level 1 in Throwing
    79 | D        | Reached skill level 4 in Stealth
    79 | D        | Reached skill level 1 in Shields
    79 | D        | Reached skill level 1 in Conjurations
    79 | D        | Reached skill level 1 in Summonings
    79 | D        | Reached skill level 1 in Necromancy
    79 | D        | Reached skill level 1 in Invocations
    79 | D        | Reached skill level 1 in Evocations
    79 | D        | Reached XP level 2. HP: 19/19 MP: 1/3
   111 | D        | Entered arena 2.
   111 | D        | Noticed a spriggan
   111 | D        | Noticed a black bear
   112 | D        | Found a transporter.
   114 | D        | Killed a spriggan
   115 | D        | Reached skill level 7 in Stealth
   115 | D        | Reached XP level 3. HP: 27/27 MP: 4/4
   115 | D        | Reached XP level 4. HP: 32/32 MP: 5/5
   115 | D        | Reached XP level 5. HP: 36/36 MP: 6/6
   115 | D        | Killed a black bear
   116 | D        | Reached skill level 8 in Stealth
   116 | D        | Reached XP level 6. HP: 44/44 MP: 7/7
   120 | D        | Got the ring "Baum" {rElec Will+ Str+6}
   135 | D        | Entered arena 3.
   136 | D        | Noticed a yaktaur
   136 | D        | Noticed a yaktaur
   137 | D        | Found a transporter.
   140 | D        | Killed a yaktaur
   141 | D        | Reached skill level 10 in Short Blades
   141 | D        | Reached skill level 10 in Stealth
   141 | D        | Reached XP level 7. HP: 50/50 MP: 8/8
   141 | D        | Killed a yaktaur
   141 | D        | Reached *** piety under Dithmenos
   142 | D        | Reached skill level 11 in Stealth
   142 | D        | Reached XP level 8. HP: 56/56 MP: 9/9
   169 | D        | Entered arena 4.
   171 | D        | Found a transporter.
   176 | D        | Reached **** piety under Dithmenos
   183 | D        | Got the ring of Pira {Fire rElec rN+}
   186 | D        | Entered arena 5.
   187 | D        | Noticed a two-headed ogre
   188 | D        | Found a transporter.
   191 | D        | Killed a two-headed ogre
   192 | D        | Reached skill level 10 in Fighting
   192 | D        | Reached skill level 10 in Dodging
   192 | D        | Reached skill level 13 in Stealth
   192 | D        | Reached XP level 9. HP: 62/62 MP: 10/10
   193 | D        | Reached ***** piety under Dithmenos
   194 | D        | Reached skill level 14 in Stealth
   209 | D        | Entered arena 6.
   211 | D        | Found a transporter.
   234 | D        | Entered arena 7.
   237 | D        | Noticed a sun demon
   239 | D        | Found a transporter.
   248 | D        | Entered arena 8.
   267 | D        | Killed a sun demon
   268 | D        | Reached skill level 1 in Armour
   268 | D        | Reached skill level 17 in Stealth
   385 | D        | Noticed a draconian
   385 | D        | Noticed a purple draconian
   385 | D        | Noticed a draconian
   386 | D        | Noticed a draconian
   386 | D        | Noticed a yellow draconian
   386 | D        | Noticed a red draconian
   387 | D        | Found a transporter.
   389 | D        | Killed a purple draconian
   390 | D        | Reached skill level 20 in Stealth
   390 | D        | Reached XP level 10. HP: 69/69 MP: 11/11
   391 | D        | Killed a yellow draconian
   391 | D        | Reached ****** piety under Dithmenos
   392 | D        | Reached skill level 22 in Stealth
   394 | D        | Entered arena 9.
   398 | D        | Found the +8 autumn katana {vorpal, Clar}
   398 | D        | Found a transporter.
   404 | D        | Entered arena 10.
   406 | D        | Noticed a deep elf knight
   406 | D        | Noticed a +4 short sword of speed
   406 | D        | Noticed a deep elf pyromancer
   407 | D        | Noticed a +1 vorpal broad axe
   407 | D        | Noticed a deep elf knight
   407 | D        | Noticed a deep elf archer
   408 | D        | Found a transporter.
   410 | D        | Killed from afar by a deep elf knight

Illustrated notes

Levels and vault maps discovered:
D:        sprint_v [room_start, room_1, room_2, room_3, room_4, room_5, room_6,
          room_7, room_8, room_9, room_10, room_11, room_12, room_13, room_14,
          room_15, room_16, room_17, room_18, room_19, room_20, room_21,
          room_22, room_23, room_24, room_25, room_26, room_27]

Skill      XL: |  1  2  3  4  5  6  7  8  9 10 |
---------------+-------------------------------+-----
Crossbows      | 1 |  1.0
Throwing       | 1 |  1.0
Stealth        | 4 7 8 10 11 13 20 22 | 22.2
Shields        | 1 |  1.0
Conjurations   | 1 |  1.2
Summonings     | 1 |  1.1
Necromancy     | 1 |  1.3
Invocations    | 1 |  1.0
Evocations     | 1 |  1.0
Fighting       | 6 7 8 9 10 11 | 11.2
Short Blades   | 7 8 10 12 13 14 | 14.2
Dodging        | 6 7 9 10 11 | 11.0
Armour         | 1 |  1.9
Long Blades    | |  0.6
Axes           | |  0.6
Maces & Flails | |  0.7
Polearms       | |  0.6
Staves         | |  0.7
Slings         | |  0.8
Bows           | |  0.8
Unarmed Combat | |  0.8
Spellcasting   | |  0.8
Hexes          | |  0.8
Translocations | |  0.8
Transmutations | |  0.8
Fire Magic     | |  0.8
Ice Magic      | |  0.8
Air Magic      | |  0.8
Earth Magic    | |  0.8
Poison Magic   | |  0.8

Action                   |  1- 3 |  4- 6 |  7- 9 | 10-12 || total
-------------------------+-------+-------+-------+-------++-------
Melee: Rapier            |     1 |     2 |    49 |     2 ||    54
  Use: Potion            |     1 |       |     3 |       ||     4
 Stab: Sleeping          |     1 |     2 |    12 |     2 ||    17
Armor: Shadow dragon sca |       |       |    19 |     3 ||    22
Dodge: Dodged            |       |       |    47 |     1 ||    48

Table legend: (Time is in decaauts)
 A = Elapsed time spent in this place.
 B = Non-inter-level travel time spent in this place.
 C = Inter-level travel time spent in this place.
 D = Time resting spent in this place.
 E = Time spent auto-exploring this place.
 F = Levels seen in this place.
 G = Mean time per level.
                   A        B        C        D        E       F      G
               +--------+--------+--------+--------+--------+-----+--------+
         Total |    387 |    387 |      0 |    125 |      0 |   1 |  387.0 |
       Dungeon |    387 |    387 |      0 |    125 |      0 |   1 |  387.0 |
               +--------+--------+--------+--------+--------+-----+--------+

Top non-repeatable levels by time:
       D: 387 daAuts
